 Dungeon Crawl Stone Soup version 0.30.0-29-ga12c61a403 (webtiles) character file.

Game seed: 4282660576361287641

12629 LustLizard the Grappler (level 11, -8/80 HPs)
             Began as an Octopode Berserker on June 24, 2023.
             Was an Elder of Trog.
             Mangled by a centaur warrior simulacrum (25 damage)
             ... in a Gauntlet.
             The game lasted 00:20:24 (12668 turns).

LustLizard the Grappler (Octopode Berserker)       Turns: 12668, Time: 00:20:24

Health: -8/80      AC:  1    Str: 22    XL:     11   Next: 96%
Magic:  11/11      EV: 21    Int: 13    God:    Trog [****..]
Gold:   276        SH:  0    Dex: 11    Spells: 10/10 levels left

rFire   . .          .
                       - Unarmed
rCold   . . .        (no shield)
rNeg    + + .        K - +0 hat of Byavixei {rN+ Int+4}
rPois   +            (no amulet)
rElec   .            g - ring of see invisible
rCorr   .            u - ring of poison resistance
SInv    +            t - ring of flight
Will    +....        J - ring "Bos Xafi" {rN+ Will+}
Stlth   ++           z - +5 ring of evasion
HPRegen 0.33/turn    (no ring)
MPRegen 0.12/turn    (no ring)
                     (no ring)

%: no teleportation
@: on berserk cooldown, flying, slowed, very slow
A: almost no armour, amphibious, 8 rings, camouflage 1, gelatinous body 1,
(nimble swimmer 1), tentacles
a: Renounce Religion, Berserk, Trog's Hand, Brothers in Arms


You were in a Gauntlet.
You worshipped Trog.
Trog was greatly pleased with you.
You visited 1 branch of the dungeon, and saw 11 of its levels.
You also visited: Ossuary, Bailey and Gauntlet.

You collected 523 gold pieces.
You spent 247 gold pieces at shops.

Inventory:

Armour
 K - the +0 hat of Byavixei (worn) {rN+ Int+4}
   (You found it in a Gauntlet)

   Int:       It affects your intelligence (+4).
   rN:        It protects you from negative energy.
Jewellery
 g - a ring of see invisible (left tentacle)
 t - a ring of flight (on tentacle)
 u - a ring of poison resistance (right tentacle)
 z - a +5 ring of evasion (on tentacle)
 J - the ring "Bos Xafi" (on tentacle) {rN+ Will+}
   (You found it on level 8 of the Dungeon)

   [ring of willpower]

   rN:        It protects you from negative energy.
   Will:      It increases your willpower.
Wands
 d - a wand of paralysis (4)
 j - a wand of flame (54)
 o - a wand of polymorph (14)
 x - a wand of mindburst (11)
 y - a wand of acid (16)
 C - a wand of digging (5)
Scrolls
 a - 3 scrolls of identify
 c - 2 scrolls of enchant weapon
 e - 4 scrolls of magic mapping
 i - 2 scrolls of noise {unknown}
 k - 6 scrolls of teleportation
 l - 2 scrolls of fog {unknown}
 m - 2 scrolls of butterflies
 q - 2 scrolls of blinking
 w - 2 scrolls of poison
 D - a scroll of brand weapon {unknown}
 H - 2 scrolls of fear
 I - 2 scrolls of acquirement {unknown}
Potions
 b - 6 potions of mutation
 f - a potion of ambrosia {unknown}
 h - 3 potions of flight
 n - a potion of berserk rage {unknown}
 p - 2 potions of magic
 r - 11 potions of curing
 s - a potion of lignification {unknown}
 v - 3 potions of might
 A - 2 potions of haste
 E - a potion of resistance {unknown}
 F - a potion of invisibility {unknown}
Miscellaneous
 B - a phial of floods
 G - a phantom mirror


   Skills:
 + Level 9.1 Fighting
 + Level 9.1 Dodging
 * Level 12.5 Unarmed Combat
 * Level 8.7 Evocations


You had 10 spell levels left.
You didn't know any spells.
Your spell library was empty.

Dungeon Overview and Level Annotations

Branches:
Dungeon (11/15)            Temple (0/1) D:7            Lair (0/5) D:11
    Orc (0/2) D:11        Ossuary (visited)          Bailey (visited)
Gauntlet (1/1)

Altars:
Cheibriados
Gozag
Okawaru
Wu Jian

Shops:
D:3 :   D:7 **[   D:8 *

Annotations:
D:10 2 transporters, seaoflcl's ghost, journeyman MiFi
D:11 2 runed translucent doors Gauntlet 9 transporters, 3 runed translucent doors, exclusion: orange crystal statue


Innate Abilities, Weirdness & Mutations

You cannot wear most types of armour.
You are amphibious.
You can wear up to eight rings at the same time.
Your skin changes colour to match your surroundings (Stealth+).
Your rubbery body absorbs attacks. (AC +1, EV +1)
((You are camouflaged when in or above water. (Stealth+)))
You have tentacles for arms and can constrict up to eight enemies at once.


Message History

The ice dragon simulacrum is lightly damaged.
You tentacle-slap the ice dragon simulacrum but do no damage.
The ice dragon simulacrum is lightly damaged.
You batter the ice dragon simulacrum!!
The ice dragon simulacrum is almost destroyed.
The ice dragon simulacrum completely misses you.
The ice dragon simulacrum claws you! The ice dragon simulacrum freezes you!
* * * LOW HITPOINT WARNING * * *
The ice dragon simulacrum tramples you!
* * * LOW HITPOINT WARNING * * *
You hold your ground!
You barely miss the ice dragon simulacrum.
You squeeze the ice dragon simulacrum.
The ice dragon simulacrum is almost destroyed.
You batter the ice dragon simulacrum!!
The ice dragon simulacrum vaporises!
Trog accepts your kill.
You see here the +0 hat of Byavixei {rN+ Int+4}.
K - the +0 hat of Byavixei {rN+ Int+4} You feel a strong urge to attack something.
You are too berserk!
You start resting.
You feel your anger nearly subside.
You are no longer berserk.
You are exhausted.
You feel yourself slow down.
You start putting on your armour.
You continue putting on the +0 hat of Byavixei {rN+ Int+4}. x4
You finish putting on the +0 hat of Byavixei {rN+ Int+4}.
You feel clever.
You start resting.
The death scarab waves its antennae.
The centaur warrior simulacrum enters a dispersal trap!
You blink.
The centaur warrior simulacrum blinks!
You're still recovering from your berserk rage.
You bludgeon the centaur warrior simulacrum!
The centaur warrior simulacrum is moderately damaged.
The centaur warrior simulacrum hits you!
* * * LOW HITPOINT WARNING * * *
The centaur warrior simulacrum freezes you!!
You die...

.♣.#©#####.###©#.........♣.≈##
...###.....#©#.#########...##
#....#.#####.#.#.##.#.§#...≈##
#≈...#.....[.#.##..##.##.P.≈≈#
#≈≈..#########.##.#^.###.♣.≈##
####.........#©#.##©#.©#.P.##
#≈..♣.♣P♣.####..##.##...≈##
#≈≈..PP.....##Z#..###...≈≈#
####..PPP.♣.#@##.#?)#.♣.≈##
#≈.......#########.P.##
#≈≈..................≈##
####≈≈≈#≈≈≈#≈≈≈#≈≈≈#≈≈≈#
##≈###≈###≈###≈###≈## ### ###
### ### ###


You could see a centaur warrior simulacrum.

Vanquished Creatures
  A two-headed ogre (D:8)
  An eye of devastation (Gauntlet)
  A gargoyle (Bailey)
  2 trolls (D:10)
  A raiju (Gauntlet)
  Sigmund (D:3)
  A centaur simulacrum (Gauntlet)
  A vampire (Bailey)
  19 yaks
  3 wyverns (D:11)
  A basilisk (D:11)
  2 golden eyes (Gauntlet)
  Grum (D:7)
  A redback simulacrum (Gauntlet)
  Menkaure (D:5)
  4 steam dragons
  An acid dragon (D:11)
  6 water moccasins
  A black bear (D:8)
  A hornet zombie (Ossuary)
  4 orc warriors
  3 ice beasts
  An ice dragon simulacrum (Gauntlet)
  An ogre (D:6)
  A centaur (D:8)
  A wolf (D:7)
  A phantom (D:5)
  A kobold brigand (D:10)
  3 scorpions
  A bullfrog (D:8)
  4 gnoll sergeants
  3 wights (D:9)
  A water moccasin zombie (Ossuary)
  6 killer bees (D:10)
  6 vampire bats (Bailey)
  4 howler monkeys
  5 wolf zombies (Bailey)
  5 centaur zombies (Ossuary)
  8 bullfrog zombies (Ossuary)
  7 hounds
  6 orc priests
  3 jellies
  3 gnoll boudas
  Ijyb (D:3)
  Terence (D:3)
  An iguana (D:7)
  A sleepcap (D:6)
  12 orc wizards
  Natasha (thrice) (D:3)
  2 killer bee zombies (Ossuary)
  11 mummies (Ossuary)
  5 howler monkey zombies (Ossuary)
  14 adders
  22 gnolls
  2 shadow imps (D:6)
  An ufetubus (D:6)
  2 worms (D:2)
  4 dart slugs
  30 orcs
  8 ball pythons
  3 endoplasms
  8 giant cockroaches
  6 goblins
  A hobgoblin (D:3)
  2 jackals (D:7)
  5 quokkas
  13 bats
  4 frilled lizards
  8 kobolds
  20 orc zombies (Bailey)
  14 rats
332 creatures vanquished.

Notes
Turn   | Place    | Note
-------+----------+-------------------------------------------
     0 | D:1      | LustLizard the Octopode Berserker began the quest for the
                  | Orb.
     0 | D:1      | Reached XP level 1. HP: 16/16 MP: 1/1
   122 | D:1      | Found a faded altar of an unknown god.
   243 | D:1      | Reached XP level 2. HP: 14/21 MP: 2/2
   597 | D:1      | Reached XP level 3. HP: 23/26 MP: 3/3
   802 | D:1      | Reached ** piety under Trog
  1169 | D:2      | Reached XP level 4. HP: 12/31 MP: 4/4
  1321 | D:2      | Reached skill level 4 in Unarmed Combat
  1502 | D:2      | Found an ornate altar of the Wu Jian Council.
  2029 | D:3      | Noticed Terence
  2035 | D:3      | Killed Terence
  2036 | D:3      | Reached XP level 5. HP: 37/37 MP: 5/5
  2188 | D:3      | Noticed Sigmund
  2198 | D:3      | Killed Sigmund
  2199 | D:3      | Reached skill level 5 in Unarmed Combat
  2199 | D:3      | Reached XP level 6. HP: 44/44 MP: 6/6
  2252 | D:3      | Found Tuzyamutt's Book Shop.
  2267 | D:3      | Noticed Ijyb
  2276 | D:3      | Killed Ijyb
  2385 | D:3      | Noticed Natasha
  2389 | D:3      | Killed Natasha
  2825 | D:3      | Noticed Natasha
  2830 | D:3      | Killed Natasha
  2838 | D:3      | Noticed Natasha
  2843 | D:3      | Killed Natasha
  2844 | D:3      | Reached XP level 7. HP: 41/49 MP: 7/7
  3227 | D:4      | Reached *** piety under Trog
  3257 | D:4      | Reached skill level 6 in Unarmed Combat
  3716 | D:5      | Entered Level 5 of the Dungeon
  3876 | D:5      | Reached skill level 5 in Fighting
  3971 | D:5      | Reached skill level 5 in Dodging
  4108 | D:5      | Noticed Menkaure
  4114 | D:5      | Killed Menkaure
  4115 | D:5      | Reached XP level 8. HP: 45/55 MP: 8/8
  4250 | D:5      | Reached skill level 7 in Unarmed Combat
  4687 | D:6      | Found a sand-covered staircase.
  4707 | Ossuary  | Entered an ossuary
  5079 | Ossuary  | Reached skill level 8 in Unarmed Combat
  5458 | Ossuary  | Reached **** piety under Trog
  5459 | Ossuary  | Reached XP level 9. HP: 37/63 MP: 9/9
  5884 | D:6      | Found a snail-covered altar of Cheibriados.
  6199 | D:6      | Reached skill level 9 in Unarmed Combat
  6661 | D:7      | Found Jesiy's Armour Shoppe.
  6745 | D:7      | Found Gyix's General Store.
  6752 | D:7      | Bought a scroll of fear for 48 gold pieces
  6781 | D:7      | Found Udenot's Assorted Antiques.
  6790 | D:7      | Bought 3 scrolls labelled YTUNKUNIWN for 72 gold pieces
  6790 | D:7      | Bought a scroll labelled ABOATRO VAG WAMMI for 24 gold
                  | pieces
  6872 | D:7      | Found a staircase to the Ecumenical Temple.
  6903 | D:7      | Reached skill level 1 in Evocations
  7161 | D:7      | Reached skill level 10 in Unarmed Combat
  7436 | D:7      | Found an opulent altar of Gozag.
  7462 | D:7      | Reached XP level 10. HP: 65/71 MP: 10/10
  7543 | D:7      | Found an iron altar of Okawaru.
  7633 | D:7      | Noticed Grum
  7638 | D:7      | Killed Grum
  7873 | D:8      | Found a flagged portal.
  7907 | D:8      | Noticed a two-headed ogre
  7932 | Bailey   | Entered a bailey
  8492 | Bailey   | Noticed a gargoyle
  8499 | Bailey   | Killed a gargoyle
  8560 | Bailey   | Identified the +0 scale mail of Beogh's Benevolence {Harm
                  | rPois rC- Int+2}
  8923 | Bailey   | Reached ***** piety under Trog
  9101 | D:8      | Reached skill level 5 in Evocations
  9293 | D:8      | Reached skill level 11 in Unarmed Combat
  9491 | D:8      | Killed a two-headed ogre
  9492 | D:8      | Reached XP level 11. HP: 78/78 MP: 11/11
  9668 | D:8      | Received a gift from Trog
  9682 | D:8      | Found Ulo Kugi's Assorted Antiques.
  9690 | D:8      | Bought a clear potion for 25 gold pieces
  9690 | D:8      | Bought a clear potion for 25 gold pieces
  9690 | D:8      | Bought a scroll labelled RONEXA IDEQ for 28 gold pieces
  9690 | D:8      | Bought a glowing silvery potion for 25 gold pieces
  9834 | D:8      | Identified the ring "Bos Xafi" {rN+ Will+}
 10742 | D:10     | Entered Level 10 of the Dungeon
 10841 | D:10     | Found a transporter.
 10888 | D:10     | Found a transporter.
 10893 | D:10     | Noticed a manticore
 10977 | D:10     | Noticed seaoflcl's ghost (journeyman MiFi)
 10977 | D:10     | Noticed a two-headed ogre
 11736 | D:11     | Reached skill level 12 in Unarmed Combat
 11789 | D:11     | Found a staircase to the Lair.
 11893 | D:11     | Identified the +6 morningstar "Zofro" {heavy, rElec rC+}
 11921 | D:11     | Found a large runed translucent door.
 11922 | D:11     | Found a large runed translucent door.
 12037 | D:11     | Found a gate leading to a gauntlet.
 12046 | Gauntlet | Entered a Gauntlet
 12046 | Gauntlet | Found a transporter.
 12053 | Gauntlet | Found a transporter.
 12055 | Gauntlet | Found a transporter.
 12057 | Gauntlet | Noticed a sixfirhy
 12072 | Gauntlet | Found a transporter.
 12075 | Gauntlet | Found a transporter.
 12078 | Gauntlet | Noticed a reaper
 12081 | Gauntlet | Found a runed translucent gate.
 12081 | Gauntlet | Found a runed translucent gate.
 12081 | Gauntlet | Found a runed translucent gate.
 12083 | Gauntlet | Found a transporter.
 12101 | Gauntlet | Found a transporter.
 12111 | Gauntlet | Noticed a death scarab
 12115 | Gauntlet | Found a transporter.
 12126 | Gauntlet | Found a transporter.
 12148 | Gauntlet | Found a transporter.
 12159 | Gauntlet | Found a transporter.
 12160 | Gauntlet | Found a transporter.
 12200 | Gauntlet | Noticed a death scarab
 12206 | Gauntlet | Found a transporter.
 12221 | Gauntlet | Noticed a spectral death yak
 12222 | Gauntlet | Noticed an orange crystal statue
 12224 | Gauntlet | Found a transporter.
 12227 | Gauntlet | Found a runed translucent door.
 12637 | Gauntlet | Identified the +0 hat of Byavixei {rN+ Int+4}
 12668 | Gauntlet | Mangled by a centaur warrior simulacrum

Illustrated notes

Levels and vault maps discovered:
D:1:      dpeg_arrival_prison, layout_basic, ebering_ecumenical_altar_mist,
          minmay_misc_feat_columns, hangedman_decor_push,
          minmay_rat_gold_closets
D:2:      layout_basic, basic_altar
D:3:      layout_loops_ring, serial_shops, shop_fountains, uniq_terence,
          uniq_natasha, uniq_ijyb, uniq_sigmund
D:4:      layout_basic, roderic_roman_lattice, saegor_snake_ambush
D:5:      layout_loops_ring, uniq_menkaure
D:6:      minmay_octagon_keep, layout_loops_ring,
          mainiacjoe_overflow_tiny_flanked,
          nicolae_ossuary_entry_false_entrances, st_stairs_4
D:7:      layout_cave_pools, mainiacjoe_overflow_two_lobes,
          minmay_temple_entry_statues_pillars, serial_shops, shop,
          nicolae_shop_stone, serial_gnoll_camp, gnoll_camp_huts_basic,
          gnoll_camp_mini_shop, grums_kennel, gnoll_camp_mini_hut
D:8:      layout_cave_pods, enter_bailey_3, serial_shops, shop
D:9:      layout_big_octagon, roderic_serpentine_path
D:10:     layout_long_grid, nzn_ghost_randoct
D:11:     layout_layer_cave, minmay_lair_entry_grove,
          kennysheep_orc_monster_closet_entryway, gauntlet_entry_generic,
          nicolae_trove_entry_crystal, minmay_misc_feat_plants,
          lightli_elemental_guards
Gauntlet: minmay_gauntlet_77_tree [minmay_gauntlet_arena_77_hold_the_fort,
          minmay_gauntlet_arena_77_path, minmay_gauntlet_arena_77_braids,
          minmay_gauntlet_arena_77_tiled_triplets,
          minmay_gauntlet_arena_77_two_paths,
          minmay_gauntlet_arena_77_radiant_squares,
          minmay_gauntlet_arena_77_run_for_it, gauntlet_exit_hidden_loot]

Skill      XL: |  1  2  3  4  5  6  7  8  9 10 11 |
---------------+----------------------------------+-----
Unarmed Combat | 4 5 6 8 10 11 12 | 12.5
Fighting       | 4 5 6 7 8 9 |  9.1
Dodging        | 4 5 6 7 8 9 |  9.1
Evocations     | 2 6 8 |  8.7

Action                     |  1- 3 |  4- 6 |  7- 9 | 10-12 || total
---------------------------+-------+-------+-------+-------++-------
  Melee: Unarmed           |    68 |    91 |   331 |   347 ||   837
         Tentacles         |    16 |    17 |    81 |    88 ||   202
         Constrict         |    18 |    25 |    73 |    60 ||   176
         Punch             |     3 |     3 |    19 |    32 ||    57
 Invoke: Berserk           |       |     3 |    10 |    14 ||    27
         Trog's Hand       |       |     1 |     1 |     2 ||     4
    Use: Scroll            |       |     1 |     4 |    13 ||    18
         Potion            |       |       |     1 |     1 ||     2
   Stab: Sleeping          |    11 |     6 |     4 |     5 ||    26
         Distracted        |       |     1 |     7 |       ||     8
 Armour: Skin              |     4 |    11 |    16 |    12 ||    43
  Dodge: Dodged            |    39 |    67 |   163 |   241 ||   510
